 Dungeon Crawl Stone Soup version 0.23.2-40-g277498a001 (webtiles) character file.

Game seed: 7592360193548125702

475 MalarOregon the Chiller (level 7, 0/46 HPs)
             Began as a Merfolk Ice Elementalist on Aug 24, 2019.
             Was an Initiate of Gozag.
             Killed by divine providence
             ... invoked by an orc priest
              (11 damage)
             ... on level 5 of the Dungeon.
             The game lasted 00:12:44 (5714 turns).

MalarOregon the Chiller (Merfolk Ice Elementalist)  Turns: 5714, Time: 00:12:45

Health: 0/46       AC:  5    Str:  8    XL:     7   Next: 10%
Magic:  18/19      EV: 12    Int: 16    God:    Gozag
Gold:   100        SH:  3    Dex: 15    Spells: 9/10 levels left

rFire    . . .     SeeInvis .   q - +0 trident
rCold    + . .     Gourm    .   b - -2 buckler
rNeg     . . .     Faith    .   r - +1 leather armour {rPois}
rPois    +         Spirit   .   (no helmet)
rElec    .         Reflect  .   (no cloak)
rCorr    .         Harm     .   (no gloves)
MR       .....                  a - +0 pair of boots
Stlth    ++........             (no amulet)
HPRegen  0.15/turn              n - ring of magical power
MPRegen  0.16/turn              o - ring of protection from cold

@: no status effects
A: change form in water, swift swim, stealthy swim
a: Potion Petition, Call Merchant, Bribe Branch, Renounce Religion


You were on level 5 of the Dungeon.
You worshipped Gozag.
Gozag was aware of your devotion.
You were not hungry.

You visited 1 branch of the dungeon, and saw 5 of its levels.

You collected 314 gold pieces.
You spent 156 gold pieces at shops.
You paid 58 gold pieces to Gozag.

Inventory:

Hand Weapons
 q - a +0 trident (weapon)
   (You took it off an orc on level 3 of the Dungeon)
Armour
 a - a +0 pair of boots (worn)
   (You found it on level 3 of the Dungeon)
 b - a -2 buckler (worn)
   (You found it on level 4 of the Dungeon)
 r - a +1 leather armour of poison resistance (worn)
   (You took it off an orc on level 3 of the Dungeon)
Jewellery
 n - a ring of magical power (left hand)
   (You found it on level 2 of the Dungeon)
 o - a ring of protection from cold (right hand)
   (You found it on level 4 of the Dungeon)
Wands
 c - a wand of disintegration (9)
   (You found it on level 4 of the Dungeon)
Scrolls
 d - a scroll of blinking
 g - a scroll of fog
 h - 4 scrolls of remove curse {@r2}
 l - a scroll of identify {@r1}
 s - 2 scrolls of immolation {!r}
Potions
 i - 2 potions of haste {@q3}
 j - 4 potions of heal wounds {@q2}
 k - a potion of ambrosia
 m - a potion of curing {@q1}
 p - a potion of agility
 t - a potion of berserk rage
Comestibles
 e - 8 rations {!d}


   Skills:
 + Level 1.7 Polearms
 - Level 2.6 Dodging
 - Level 2.1 Stealth
 - Level 4.0 Shields
 - Level 2.0 Spellcasting
   Level 0.7 Conjurations
 * Level 7.0 Ice Magic


You had 9 spell levels left.
You knew the following spells:

 Your Spells              Type           Power        Failure   Level  Hunger
a - Freeze                Ice            ###.         1%          1    #......

Your spell library contained the following spells:

 Spells                   Type           Power        Failure   Level  Hunger
 Throw Frost              Conj/Ice       ##....       10%         2    ###....
 Ozocubu's Armour         Chrm/Ice       ##......     22%         3    ###....
 Throw Icicle             Conj/Ice       ##......     52%         4    #####..
 Summon Ice Beast         Ice/Summ       ##......     56%         4    #####..


Dungeon Overview and Level Annotations

Branches:
Dungeon (5/15)
 Temple: D:4-7

Altars:
Dithmenos
Gozag

Shops:
D:2 *   D:4 !


Message History

i - 2 potions of haste
As you read the scroll of identify {@r1}, it crumbles to dust.
k - a potion of ambrosia
As you read the scroll labeled NIAL VIDAET, it crumbles to dust.
You feel strangely unstable.
It was a scroll of teleportation.
Your surroundings suddenly seem different.
Found a mace.
Found an escape hatch in the floor.
Found 15 gold pieces.
You now have 94 gold pieces (gained 15).
An orc comes into view.
An orc is nearby!
An orc is nearby!
You puncture the orc!
You kill the orc!
No target in view!
No target in view!
No target in view!
No target in view!
No target in view!
No target in view!
No target in view!
Found 10 gold pieces.
You now have enough gold to buy a potion of magic on D:4.
You now have 100 gold pieces (gained 6).
Found a stone staircase leading up.
An orc priest comes into view. It is wielding a +0 short sword.
An orc priest is nearby!
An orc priest is nearby!
An orc, an orc priest and an orc wizard come into view.
The orc priest shouts!
The orc wizard shouts!
The orc shouts!
You hear a shout!
The orc moves out of view.
You hear a bark!
Found a curved glowing staff.
An orc wizard comes into view. It is wielding a +1 dagger of venom.
You barely miss the orc priest.
The orc priest hits you with a +0 short sword.
Aim: an orc priest, wielding a +0 short sword You freeze the orc priest.
The orc priest hits you with a +0 short sword.
Aim: an orc priest, wielding a +0 short sword (moderately wounded)
You freeze the orc priest.
The orc priest calls down the wrath of Beogh upon you.
Beogh smites you!
The orc priest calls down the wrath of Beogh upon you.
Beogh smites you!
* * * LOW HITPOINT WARNING * * *
The orc priest mumbles some strange prayers to Beogh against you.
Beogh smites you!
You die...
Your body crumbles into a pile of gold.

#######.$.####
o.oo.oo......+ #...#
##o## #..# #o## #.#
#.# ## #@# ...
#####.##### ####..#
#.......>.###.....#
#.###....)....#...###
#.# #####.###........
#.#######.# ####.####
#.........# #
###########


You could see an orc priest and an orc wizard.

Vanquished Creatures
  An ogre (D:4)
  2 hounds (D:4)
  A centaur skeleton (D:4)
  Natasha (thrice) (D:3)
  8 gnolls
  5 adders
  A worm (D:3)
  2 dart slugs (D:1)
  3 leopard geckos
  6 orcs
  6 bats
  7 giant cockroaches
  14 goblins
  7 hobgoblins
  7 jackals
  A quokka (D:2)
  4 ball pythons
  7 frilled lizards
  7 kobolds
  6 rats
98 creatures vanquished.

Notes
Turn   | Place    | Note
-------+----------+-------------------------------------------
     0 | D:1      | MalarOregon the Merfolk Ice Elementalist began the quest
                  | for the Orb.
     0 | D:1      | Reached XP level 1. HP: 13/13 MP: 3/3
   152 | D:1      | Reached XP level 2. HP: 19/19 MP: 1/5
   219 | D:1      | Reached skill level 4 in Ice Magic
   531 | D:1      | Reached XP level 3. HP: 23/24 MP: 6/6
   817 | D:1      | Reached skill level 5 in Ice Magic
   838 | D:2      | You fall through a shaft for 2 floors!
   839 | D:4      | Noticed an ogre
  1236 | D:4      | HP: 1/24 [ogre/+0 giant club (18)]
  1528 | D:4      | Killed an ogre
  1528 | D:4      | Reached skill level 6 in Ice Magic
  1528 | D:4      | Reached XP level 4. HP: 13/30 MP: 0/7
  1528 | D:4      | Reached XP level 5. HP: 15/35 MP: 0/8
  1933 | D:4      | Reached skill level 1 in Shields
  1936 | D:4      | Found Bytral's Distillery.
  1949 | D:4      | Bought a potion of curing for 36 gold pieces
  1949 | D:4      | Bought a potion of degeneration for 12 gold pieces
  1950 | D:4      | Bought a potion of agility for 48 gold pieces
  2249 | D:3      | Reached XP level 6. HP: 28/41 MP: 9/9
  2762 | D:3      | Noticed Natasha
  2771 | D:3      | Killed Natasha
  3643 | D:1      | HP: 1/41 [gnoll/+0 spear (4)]
  4665 | D:2      | Found Gozag's Platinum Reserve.
  4669 | D:2      | Found an opulent altar of Gozag.
  4678 | D:2      | Became a worshipper of Gozag Ym Sagoz the Greedy
  4960 | D:2      | Reached skill level 1 in Polearms
  5125 | D:3      | Noticed Natasha
  5131 | D:3      | Killed Natasha
  5131 | D:3      | Reached XP level 7. HP: 39/46 MP: 10/10
  5285 | D:3      | Noticed Natasha
  5293 | D:3      | Killed Natasha
  5293 | D:3      | Reached skill level 7 in Ice Magic
  5558 | D:4      | Bought a potion of berserk rage for 60 gold pieces
  5596 | D:5      | Entered Level 5 of the Dungeon
  5651 | D:5      | Found a shadowy altar of Dithmenos.
  5714 | D:5      | Killed from afar by an orc priest

Skill      XL: |  1  2  3  4  5  6  7 |
---------------+----------------------+-----
Ice Magic      | 4 6 7 |  7.0
Shields        | 2 4 |  4.0
Polearms       | 1 |  1.7
Dodging        | |  2.6
Stealth        | |  2.1
Spellcasting   | |  2.0
Conjurations   | |  0.7

Action                   |  1- 3 |  4- 6 |  7- 9 || total
-------------------------+-------+-------+-------++-------
Melee: Whip              |    60 |    24 |       ||    84
       Trident           |       |   162 |     6 ||   168
 Cast: Freeze            |    14 |    49 |     6 ||    69
  Use: Scroll            |       |     7 |     3 ||    10
 Stab: Distracted        |     1 |       |       ||     1
       Sleeping          |     3 |     8 |     1 ||    12
  Eat: Ration            |     1 |       |     1 ||     2
       Chunk             |       |    10 |       ||    10
Armor: Robe              |    10 |     6 |       ||    16
       Leather armour    |       |    55 |       ||    55
Dodge: Dodged            |    54 |   148 |     2 ||   204
Block: Buckler           |       |    36 |       ||    36
